[Event "3rd Sinquefield Cup 2015"]
[Site "Saint Louis"]
[Date "2015.08.24"]
[Round "2"]
[White "Caruana, Fabiano"]
[Black "Carlsen, Magnus"]
[Result "0-1"]
[ECO "C84"]
[WhiteElo "2808"]
[BlackElo "2853"]
[Annotator "Ramirez Alvarez,Alejandro"]
[PlyCount "80"]
[EventDate "2015.??.??"]
[EventCountry "USA"]
[TimeControl "40/7200:3600+30"]

1. e4 e5 2. Nf3 Nc6 3. Bb5 a6 {[%emt 0:00:06] No Berlin this time,
Carlsen goes back to the more traditional Spanish channels.} 4. Ba4 Nf6 5. O-O b5 6. Bb3 Bb7 7. d3 Be7 {[%emt 0:00:
09] An Archangel with Be7} 8. Nc3 O-O 9. a3 d6 10. Re1 Qd7 11. Ne2 Nd8 12. Ng3 Ne6 13. Ba2 {[%emt 0:29:44] Strangely played after a 30 minute
think, and a novelty. The position has been reached a few times, and most
grandmasters preferred 13.c3.} Rfe8 14. Ng5 d5 $5 {[%emt 0:16:04] The d5 break always has some drawbacks in the Spanish.
Usually, it is the e5 pawn that suffers. It lacks protection and the e1-rook
is now attacking it. On the other hand, Carlsen gets more space and the bishop
on a2 loses some of its influence on f7.} 15. Nxe6 Qxe6 16. Bg5 h6 17. Bxf6 Bxf6 18. Qf3 {[%emt 0:05:51] taking advantage of the
pin on the d5 pawn. However Black is solid.} c6 {[%emt 0:03:08] keeping the
tension} (18... dxe4 19. dxe4 {simply activates the bishop on a2.} Qb6 20. Nf5
$14) 19. c4 Rad8 20. cxd5 cxd5 21. Nf5 {[%emt 0:00:30] White's knight is annoying on f5,
but Black's position is holding together.} Bg5 $1 22. h4 Bd2 (22... Bf4 {is also possible.} 23. g3 dxe4
24. Qg4 (24. dxe4 $2 Qxf5 $17) 24... Qf6 25. gxf4 exd3 {gets crazy, but
computers like Black a bit.} 26. fxe5 $2 d2 $19 {was something Carlsen missed.}
) 23. Re2 dxe4 24. dxe4 Qf6 25. g3 Kf8 {[%emt 0:01:45] Magnus was
critical of this move, but maybe it was not so bad.} 26. h5 Bg5 27. a4 {[%emt 0:01:14] Played with under 5 minutes on the
clock.} b4 (27... bxa4 $1) 28. a5 {[%emt 0:02:02] After this
Caruana was down to only seconds.} Kg8 29. Bc4 Rd7 $6 (29... Kh8 $1) 30. Ra4 $1 Kh8 31. Rxb4 g6 {[%emt 0:00:07] What a crazy
position! Specially since they were on bullet mode now: both players under
three minutes.} 32. hxg6 fxg6 33. Qb3 {[%emt
0:00:41] Forced, but Caruana took way too long on making this move... 41
seconds!} Bc6 34. Ne3 Bxe4 35. Bd5 Bxd5 (35... Qf3 36. Rxe4 $1 (36. Bxe4
Qxe2 37. Rb8 {Carlsen thought this was "at least a draw" but actually Black is
winning after} Rxb8 38. Qxb8+ Kh7 $1 39. Bd5 Rg7 $1 $18) 36... Qxe2 37. Nc4 Qh5
38. g4 $1 Qh4 39. Nxe5 $1 {with a strong initiative.}) 36. Nxd5 Qc6 37. Nc3 Qf3 38. Qc2 Red8 39. Rbe4 (39. Qe4 $1 $16
Rd1+ $2 40. Nxd1 Rxd1+ 41. Re1 {doesn't work.}) 39... Rd2 (
39... Bf4 $1 {but who would see this with seconds left?}) 40. Rxd2 $4 {[%emt 0:
00:00] Horrible! But Caruana only had a couple of seconds to play.} (40. Qb3
Rd1+ $1 41. Qxd1 Rxd1+ 42. Nxd1 h5 {gives Black enough compensation.}) 40...
Rxd2 {[%emt 0:00:00] Now it is clear that Black is winning. f2 is hanging as
well as the queen.} 0-1

[Event "3rd Sinquefield Cup 2015"]
[Site "Saint Louis"]
[Date "2015.08.24"]
[Round "2"]
[White "Topalov, Veselin"]
[Black "Nakamura, Hikaru"]
[Result "1-0"]
[ECO "C65"]
[WhiteElo "2816"]
[BlackElo "2814"]
[Annotator "Ramirez Alvarez,Alejandro"]
[PlyCount "145"]
[EventDate "2015.??.??"]
[EventCountry "USA"]
[TimeControl "40/7200:3600+30"]

1. e4 e5 2. Nf3 Nc6 3. Bb5 Nf6 4. d3 Bc5 5. Nbd2 d6 6. O-O O-O 7.
c3 Ne7 8. d4 exd4 9. cxd4 Bb6 10. Re1 Ng6 11. h3 c6 12. Bd3 {
[%emt 0:11:36] Already not a theoretical position. However the ideas heavily
resemble the Italian game.} Nh5 (12... d5 13. e5 Nf4 14. Bc2
N6h5 {looks good for White because after} 15. Nf1 {it's hard to prevent Ng3
with problems:} f6 16. Ng3 fxe5 17. Nxh5 $1 $16) 13. Nc4 Bc7 14. d5 $5 Nhf4 15. Bf1 f5 $5 {[%emt 0:04:13] Uncompromising play. Black hits the
center strong, but Topalov comes up with an excellent decision.} 16. e5 $1 {
[%emt 0:04:19] An excellent pawn sacrifice. He receives the pair of  bishops
and specially an unopposed dark squared monster.} Nxd5 17.
exd6 Bxd6 18. Nxd6 Qxd6 19. b3 {[%emt 0:00:23] The bishop on b2 will be targetting the
g7 pawn and the king feels very uncomfortable.} Bd7 $6 (19...
Be6 {directly was much, much better.} 20. Bb2 Rfe8 21. Qd4 Qc7 22. Ng5 Ngf4 $5
{trying to consolidate, but White retains real initiative.}) 20. Bb2 Rfe8 21. Qd4 Qf6 22.
Qd2 Qd6 23. Bc4 h6 24. Qd4 {[%emt 0:04:56] Already Black's position is very bad. Nakamura
returns his material, but then the pair of bishops is very strong.} Qf6 25. Qxf6 gxf6 26. Bxf6 Rxe1+ 27. Rxe1 Re8 28.
Rd1 Be6 29. Nd4 Kf7 30. Nxe6 Rxe6 31. Bd4 {[%emt 0:01:
40] The pair of bishops is very strong.} a6 32. Kf1 $6 (32. g3 $1 {preventing Ngf4 was better.}) 32... Ngf4 33. b4 Re4 34. f3 Re8 35. g3 Ne6 (35... Nxh3 36. f4
{traps the knight, this doesn't look playable.}) 36. Bf2 Rd8 37. Re1 f4 $2 {[%emt 0:01:10] A strange move.
This allows White easier play thanks to the possibility of moving forward on
the kingside with the pawns.} (37... Kf6 $14) 38. g4 Ng5 39. Kg2 Re8 40. Rd1 Re5 41. Bd4 Re8 42.
h4 Ne6 43. Bf2 Nec7 44. h5 Kf6 45. Kh3 b5 46. Bd4+ Kg5 {[%emt 0:04:27]
counterintuitive! The king is almost mated in this position, but Nakamura's
position was already bad.} 47. Bxd5 $6 (47. Bb3 $1 {Was even
cleaner. Here Black basically gets mated:} Nxb4 48. Bf2 $18) 47... Nxd5 48. Rc1 Re6 49. Rc5 Rd6 50. Bg7 Re6 51. Bd4 Rd6 52. a3 $1 Re6 53. Rc1 {[%emt 0:01:59] Black is in zugzwang.} Ne7 ({
Analysis:} 53... Rd6 54. Re1 {gets mated.} Ne3 55. Rxe3 $1 fxe3 56. Be5 Rf6 57.
Kg3 $18) 54. Bf2 Kf6 55. Bh4+ Kf7 56. g5 hxg5 57. Bxg5 {
[%emt 0:00:13] White's passed pawn on the kingside gives him a decisive
advantage. Topalov converts in Capablanca style.} Nd5 58. Kg4 Kg7 59. Bxf4 Nxf4 60. Kxf4 {[%emt 0:00:08] interestingly this endgame without all the
pawns on the queenside is probably drawn or close to drawn, but because of
potential queen trades I don't think Black has any hope here.} Rd6 61. Rc3 $1 Kf6 62. Kg4 a5 {[%emt 0:02:54] desperation.} 63. bxa5 Rd4+ 64. f4 Ra4 65. Rxc6+ Kg7 66. a6 Rxa3 67. f5 b4 68. f6+ Kf7 69.
h6 {[%emt 0:02:42] Too many passed pawns.} Kg6 70. Rc8 b3 71. Rg8+ Kf7 72. h7 Ra4+ 73. Kf3 1-0

[Event "3rd Sinquefield Cup 2015"]
[Site "Saint Louis"]
[Date "2015.08.24"]
[Round "2"]
[White "Grischuk, Alexander"]
[Black "Anand, Viswanathan"]
[Result "1-0"]
[ECO "D00"]
[WhiteElo "2771"]
[BlackElo "2816"]
[Annotator "Ramirez Alvarez,Alejandro"]
[PlyCount "69"]
[EventDate "2015.??.??"]
[EventCountry "USA"]
[TimeControl "40/7200:3600+30"]

1. d4 Nf6 2. Bf4 $5 {[%emt 0:00:12] Some
kind of London system, completing bypassing theory. This is usually done after
Nf3, but Grischuk skips this move for quite a while. Grischuk called it the
"correct bishop opening".} d5 3. e3 c5 $5 {
[%emt 0:00:38] Played quickly} 4. dxc5 Nc6 5.
Bb5 Qa5+ 6. Nc3 a6 7. Bxc6+ bxc6 8. Nf3 (8. Qd4 {can get crazy and might be the critical move. For example:} e6 9. b4
Qa3 10. Nge2 a5 11. b5 $13) 8... e6 9. O-O Bd7 $6 {[%emt 0:04:33] This move was very strange. The development of the
bishop to this square doesn't make much sense.} 10. a3 (10. e4
$5 {was another attempt at creating complications, but Grischuk's approach is
also good.} dxe4 $6 11. Ne5 $16) 10... Qxc5 {[%emt 0:00:48] forced} 11. Na4 Qa7 12. c4 {[%emt 0:01:48] A typical break in
this structure. Black is behind in development. He definitely would wish that
his bishop on f8 was on e7 rather than the one on c8 going to d7.} Be7 13. Rc1 (13. b4 $5) 13... Rc8 (
13... O-O 14. cxd5 Nxd5 $14 {is worse for Black, but perhaps had to be played.}
) 14. cxd5 (14. b4 $16) 14... cxd5 15. Rxc8+ Bxc8 16. Qd4 $1 Qxd4 17. exd4 Bd7 18. Nb6 {[%emt 0:19:
45] The endgame is unpleasant for Black. His activity is limited and White
will rule the c-file.} Bd8 (18... Bb5 19. Rc1 Nd7 20. Rc8+ Bd8
{is not human, but perhaps it was the best chance to equalize.}) 19. Nxd7 Nxd7 20. Rc1 f6 $2 {[%emt 0:
00:37] This move is hard to understand. Black will simply lose a pawn here.} (
20... a5 21. Rc6 O-O 22. b4 axb4 23. axb4 Re8 {prepares an e5 break.
Uncomfortable, but not lost.}) 21. Rc6 Kf7 22. Rxa6 Bb6 23. Bd2 g5 24. h3 Rb8 25. Bb4 {[%emt 0:
02:45] Grischuk was already down on time, and Anand tried to take advantage of
it by playing quickly, however this backfired.} Rb7 26. Ra8 Nb8 27. Kf1 Nc6 28. Bc3 e5 $5 {[%emt 0:00:17] Going for complications,
but this doesn't work.} (28... h5 29. g4 hxg4 30. hxg4 e5 {was a slightly
better version, but still bad for Black.}) 29. dxe5 d4 30. Bb4 $1 Nxe5 31. Nxe5+ $1 {
[%emt 0:01:57] A relatively long think that was very accurate.} fxe5 32. Ke2 {[%emt 0:00:12] Despite the low amount of time that Grischuk
had, he played very precisely.} e4 33. f3 d3+ (33... e3 34. Kd3 {doesn't look promising for Black: his two
passed pawns are blockaded and his pieces are happy. However this was a better
try.}) 34. Kd2 exf3 35. Rf8+ $1 {[%emt 0:00:
19] White will pick up the f3 pawn and then the d3 pawn. It's done.} 1-0

[Event "3rd Sinquefield Cup 2015"]
[Site "Saint Louis"]
[Date "2015.08.24"]
[Round "2"]
[White "Vachier-Lagrave, Maxime"]
[Black "Aronian, Levon"]
[Result "1/2-1/2"]
[ECO "D38"]
[WhiteElo "2731"]
[BlackElo "2765"]
[Annotator "Ramirez Alvarez,Alejandro"]
[PlyCount "63"]
[EventDate "2015.??.??"]
[EventCountry "USA"]
[TimeControl "40/7200:3600+30"]

1. d4 Nf6 2. c4 e6 3. Nf3 d5 4. Nc3 Bb4 5. Bg5 h6 6. Bxf6 Qxf6 7. Qa4+ Nc6 8.
e3 O-O 9. Be2 dxc4 10. O-O Bd7 11. Bxc4 Bxc3 {[%emt 0:00:05] After 11...Bd6 stopped giving Black optimal positions,
people have been looking at this capture on c3 to even things out. Aronian
used it against Topalov in Norway this year.} 12. bxc3 Rfd8 13. Be2 Be8 14. Qa3 Qe7 15. Qb2 b6 {[%emt 0:00:05]
Played instantly. Aronian's improvement over 15...Na5, which he played against
Topalov.} (15... Na5 16. Qb4 Qxb4 17. cxb4 Nc6 18. Rab1 $14 {Topalov-Aronoian,
Norway 2015.}) 16. Nd2 {[%emt 0:03:53] Perhaps this is not the most
challenging, but I'm not sure what to suggest instead.} Na5 17. Nb3 (17. Qb4 c5 {doesn't look anywhere near as appealing
as it did in the mentioned game.}) 17... Nxb3 18. axb3 a5 19. b4 (19. Bf3 Rab8 20. c4 {is
given as slightly better by the computers, but after} c5 {the position looks
pretty equal to me.}) 19... axb4 (19... Bc6 20. bxa5 bxa5 $11)
20. Qxb4 (20. cxb4 {was perhaps a bit better, but still Black
should be ok.}) 20... Kf8 21. Bf3 Qxb4 22. cxb4 Rxa1 23. Rxa1 Ke7 24. Kf1 Kd6 25. Ke2 {[%emt 0:04:46] There is no reason to believe either side is
better. Even making a miniscule amount of progress looks impossible.} Bb5+ 26. Kd2 e5 27. dxe5+ Kxe5+ 28. Kc3 Rd3+ 29. Kc2 Rd8 30. Kc3 Rd3+ 31. Kc2 Rd8 32. Kc3 1/2-1/2

[Event "3rd Sinquefield Cup 2015"]
[Site "Saint Louis"]
[Date "2015.08.24"]
[Round "2"]
[White "Giri, Anish"]
[Black "So, Wesley"]
[Result "1/2-1/2"]
[ECO "A35"]
[WhiteElo "2793"]
[BlackElo "2779"]
[Annotator "Ramirez Alvarez,Alejandro"]
[PlyCount "60"]
[EventDate "2015.??.??"]
[EventCountry "USA"]
[TimeControl "40/7200:3600+30"]

1. c4 c5 2. Nf3 Nc6 3. Nc3 e5 4. e3 f5 5. d4 e4 6. d5 exf3 7. dxc6 dxc6 8.
Qxd8+ Kxd8 9. gxf3 Nf6 10. b3 Bd6 11. Bb2 Ke7 12. O-O-O (12. Bd3 {was
Timman-Edouard, 2011.}) 12... Be6 13. Bd3 Rhd8 14. Kc2 Rd7 {[%emt 0:07:05] Technically
the novelty of the game. 14...g6 was played in Zvjaginsev-Bukavshin back in
2011, a game that White won.} 15. Ne2 (15. e4 $5) 15... g6 16. h3 (16. Nf4 Bxf4 17. exf4 {looks drawish,
as pointed out by Giri.}) 16... Rad8 17. f4 Bc7 18. Ba3 b6 19. Ng3 Kf7 20. Bb2 {[%emt 0:01:31] It doesn't seem
that White has made any progress. None of his last few moves created any real
threats and now that Black has completed his development he is very close to
being simply equal, perhaps by moving his pawns on the queenside.} a6 21. Be5 b5 22. Bxf5 {[%emt 0:11:20]
The tactics work out, but this doesn't give White any advantage.} gxf5 (22... Bxf5+ 23. Nxf5 Bxe5 24. fxe5 gxf5 25. exf6 Kxf6 26. Rxd7 Rxd7
{is slightly better for White, but very close to a draw.}) 23. Bxc7 Rxd1 24. Rxd1 Rxd1 25. Kxd1 bxc4 {[%emt 0:00:04] The game at this point is
extremely drawish.} 26. bxc4 Ne4 27. Nxe4 fxe4 28. h4 Bxc4 29. a3 Ke6 30. f5+ Kxf5
{With opposite colored bishops the game is basically dead.} 1/2-1/2